Map: Lerilak Crest

Players

speaknow (ByuN) - Winner!

  • Race: Terran Terran
  • League: Platinum

AcerNerchio (Nerchio)

  • Race: Zerg Zerg

VOD

Have the link to the VOD?

Description

Time

  • Played on: Dec. 14, 2015, 11:58 p.m.
  • Length: 13:48
Show
View Real Time Build Order
Export as new Build Order

speaknow Terran - Winner!

Build Orders: Reaper Expand 

Get SALT Encoding   

  12  0:00  SCV  
  13  0:13  SCV  
  14  0:17  Supply Depot  
  14  0:25  SCV  
  15  0:39  SCV  
  15  0:40  Barracks  
  16  0:43  Refinery  
  16  0:51  SCV  
  17  1:03  SCV  
  18  1:15  SCV  
  19  1:27  Reaper  
  19  1:28  Orbital Command  
  20  1:40  Command Center  
  20  1:48  Supply Depot  
  20  1:53  SCV  
  21  1:59  Marine  
  22  2:04  Engineering Bay  
  22  2:07  Factory  
  22  2:09  SCV  
  22  2:13  Refinery  
  23  2:21  Barracks Reactor, SCV  
  24  2:33  SCV  
  25  2:45  SCV  
  25  2:52  Starport  
  25  2:57  SCV  
  26  3:03  Marine, Widow Mine  
  26  3:04  Marine  
  29  3:09  SCV  
  30  3:16  Bunker, Orbital Command  
  30  3:21  SCV, Marine x2  
  33  3:29  Medivac  
  33  3:33  Factory Tech Lab  
  35  3:39  Marine x2  
  38  3:43  SCV x2  
  39  3:51  Siege Tank  
  39  3:55  SCV x2  
  44  3:57  Marine x2  
  44  3:58  Supply Depot  
  46  4:07  SCV  
  46  4:08  SCV  
  46  4:17  Marine  
  44  4:18  Marine  
  44  4:20  SCV x2  
  48  4:26  Siege Tank  
  48  4:30  Medivac  
  53  4:31  Supply Depot  
  53  4:35  SCV  
  54  4:53  Supply Depot, Marine x2  
  54  4:55  Liberator  
  56  5:02  Siege Tank  
  60  5:14  SCV  
  60  5:15  Command Center, SCV  
  60  5:18  Refinery  
  62  5:22  Supply Depot  
  62  5:26  SCV  
  62  5:27  SCV  
  62  5:28  Marine  
  65  5:38  SCV  
  65  5:39  SCV, Barracks  
  59  5:50  SCV  
  59  5:51  SCV, Marine x2  
  59  5:55  Siege Tank  
  64  6:02  SCV  
  64  6:03  SCV  
  63  6:06  Starport Reactor  
  63  6:10  Barracks  
  63  6:14  SCV  
  63  6:15  SCV  
  63  6:16  Marine x2  
  67  6:26  Marine  
  67  6:27  SCV x2, Siege Tank  
  73  6:33  Marine  
  73  6:35  Marine  
  73  6:39  SCV x2  
  74  6:51  SCV x2, Marine  
  74  6:52  Marine  
  77  6:55  Barracks Tech Lab  
  77  6:56  Orbital Command  
  77  6:59  Siege Tank, Starport Reactor  
  77  7:03  SCV  
  77  7:04  SCV  
  79  7:09  Marine  
  79  7:10  Marine  
  79  7:13  Engineering Bay  
  79  7:15  SCV, Engineering Bay  
  82  7:16  SCV  
  82  7:17  Marine  
  82  7:21  Marine x2  
  82  7:27  SCV, Marine  
  82  7:28  SCV, Marine  
  82  7:31  Siege Tank  
  82  7:33  Stimpack  
  82  7:34  Barracks, Marine  
  83  7:37  Barracks  
  83  7:38  Marine  
  83  7:39  SCV, Marine  
  83  7:40  SCV, Refinery  
  83  7:42  Supply Depot  
  87  7:45  Marine  
  87  7:46  Marine  
  87  7:49  Terran Infantry Weapons Level 1, Supply Depot, Terran Infantry Armor Level 1  
  89  7:51  Supply Depot  
  89  7:52  Marine  
  89  7:56  Marine  
  91  7:59  Bunker  
  91  8:00  SCV  
  92  8:05  Marine x2  
  92  8:06  Orbital Command, Marine  
  92  8:07  Medivac x2  
  92  8:10  Marine  
  92  8:11  Supply Depot  
  92  8:12  Supply Depot  
  100  8:14  Marine  
  100  8:17  SCV x2  
  103  8:23  Marine x2  
  103  8:24  Marine  
  106  8:28  Marine  
  106  8:32  Marine  
  108  8:36  Siege Tank  
  108  8:40  Barracks Reactor x2  
  111  8:46  Supply Depot, Marine x4  
  115  8:50  Marine  
  115  8:53  Medivac x2  
  120  8:57  Refinery x2  
  120  8:58  Factory  
  120  9:00  Armory  
  120  9:04  Marine x4  
  120  9:07  Marine  
  125  9:12  Supply Depot, Barracks x2  
  125  9:13  Supply Depot, Barracks  
  125  9:20  Missile Turret  
  125  9:25  Marine x2  
  125  9:26  Marine x7  
  125  9:31  Siege Tank  
  137  9:41  Combat Shields, Medivac x2  
  137  9:43  Marine  
  137  9:44  Supply Depot  
  137  9:45  Supply Depot  
  139  9:53  Marine x4  
  139  9:54  Marine x3  
  139  9:55  Marauder  
  139  9:58  Factory Tech Lab  
  148  10:01  Terran Infantry Weapons Level 2  
  148  10:03  Siege Tank  
  151  10:07  Terran Infantry Armor Level 2  
  151  10:10  Barracks Tech Lab x2  
  151  10:11  Barracks Tech Lab  
  151  10:17  Marine x4  
  151  10:18  Marine x4  
  161  10:21  Marauder  
  161  10:24  Siege Tank  
  164  10:31  Marine x3  
  164  10:35  Marine x5  
  171  10:43  Marauder  
  171  10:46  Marine x3  
  168  10:50  Marauder  
  168  10:53  Marine, Marauder x2  
  168  10:54  Marine x4  
  170  11:00  Siege Tank  
  173  11:06  Marine  
  173  11:07  Supply Depot x2, Marine x2  
  173  11:19  Command Center  
  173  11:28  Marine x11  
  173  11:30  Marine  
  165  11:46  Marine x4  
  174  11:47  Marauder x3  
  174  11:48  Marauder  
  174  11:49  Marine  
  174  11:51  Marine  
  154  11:54  Marine  
  154  11:55  Marine  
  154  11:57  SCV  
  154  11:58  SCV x2  
  137  12:04  Marine x3  
  137  12:08  Marine x2, Marauder x3  
  143  12:09  Marine  
  143  12:11  Marine  
  143  12:14  Marine  
  133  12:17  Marine  
  133  12:22  Marine x3  
  131  12:26  Marine  
  131  12:28  Marine  
  131  12:29  Marauder  
  135  12:36  Marine  
  130  12:38  Marine x2  
  130  12:40  Marine  
  130  12:41  Marine x2  
  133  12:51  Marine  
  126  12:52  Marine  
  126  12:54  Marine x3  
  126  12:55  Marauder x2  
Show
View Real Time Build Order
Export as new Build Order

AcerNerchio Zerg 

Build Orders: Hatch First 

Get SALT Encoding   

  12  0:00  Drone  
  13  0:12  Overlord  
  13  0:17  Drone  
  14  0:30  Drone x2  
  14  0:34  Drone  
  17  0:52  Hatchery  
  17  0:55  Drone  
  17  0:58  Drone  
  18  1:12  Spawning Pool  
  18  1:16  Drone  
  18  1:18  Drone  
  18  1:21  Extractor  
  18  1:28  Drone  
  19  1:38  Overlord  
  19  1:59  Zergling x2, Queen  
  19  2:00  Zergling x2  
  23  2:03  Queen  
  23  2:04  Zergling x2  
  26  2:11  Drone  
  27  2:16  Roach Warren  
  27  2:19  Drone  
  27  2:27  Drone  
  27  2:28  Drone  
  28  2:32  Drone  
  29  2:38  Overlord  
  29  2:43  Overlord  
  28  2:59  Roach x3  
  33  3:06  Roach  
  33  3:07  Roach x2  
  33  3:10  Roach  
  41  3:15  Roach  
  41  3:17  Drone  
  44  3:21  Drone  
  44  3:23  Drone  
  46  3:30  Drone x2  
  46  3:31  Drone  
  49  3:35  Drone  
  49  3:37  Ravager  
  49  3:40  Overlord  
  51  3:42  Drone  
  50  3:50  Drone  
  50  3:51  Drone  
  50  3:52  Overlord  
  52  4:07  Drone x4  
  52  4:08  Drone x2  
  53  4:10  Drone x2  
  53  4:13  Drone  
  53  4:15  Drone  
  53  4:16  Drone x2  
  53  4:19  Queen  
  55  4:24  Extractor  
  55  4:26  Queen  
  55  4:31  Spore Crawler  
  55  4:41  Drone  
  55  4:42  Drone x2  
  55  4:45  Roach x3  
  63  4:48  Roach x2  
  67  4:54  Roach  
  64  5:02  Queen  
  60  5:08  Drone x2  
  60  5:10  Drone  
  61  5:18  Lair  
  61  5:19  Drone  
  61  5:20  Drone  
  63  5:22  Drone  
  63  5:25  Drone, Extractor  
  64  5:36  Extractor  
  64  5:39  Overlord x2  
  61  5:45  Queen  
  61  5:46  Roach  
  52  5:52  Roach x4  
  60  6:00  Drone x3  
  60  6:01  Drone  
  64  6:08  Evolution Chamber x2  
  63  6:11  Drone  
  63  6:12  Drone  
  63  6:16  Drone x3  
  63  6:17  Drone  
  68  6:21  Roach  
  68  6:22  Roach  
  72  6:27  Ravager x3  
  72  6:28  Overlord  
  72  6:32  Overlord  
  69  6:44  Roach  
  63  6:48  Roach x5  
  63  6:49  Roach  
  63  6:51  Queen  
  73  6:56  Roach  
  73  6:58  Roach x2  
  76  7:05  Roach x2  
  76  7:08  Ravager  
  78  7:10  Ravager  
  75  7:16  Roach x3  
  76  7:22  Roach  
  76  7:23  Roach, Queen  
  76  7:25  Roach  
  76  7:29  Roach  
  74  7:31  Queen  
  76  7:40  Drone  
  76  7:41  Drone  
  78  7:45  Hatchery  
  78  7:46  Glial Reconstitution  
  78  7:47  Overlord  
  78  7:50  Drone  
  78  7:53  Zerg Missile Weapons Level 1  
  78  7:57  Drone x2  
  80  8:03  Zerg Ground Armor Level 1  
  80  8:09  Drone x4  
  84  8:17  Overlord  
  84  8:19  Overlord  
  84  8:33  Infestation Pit  
  83  8:37  Drone x8  
  91  8:46  Roach x2  
  91  8:47  Ravager x3  
  91  8:48  Ravager  
  99  8:54  Overlord  
  99  8:58  Roach x2  
  103  9:03  Roach  
  103  9:08  Overlord x2  
  105  9:11  Extractor  
  105  9:12  Extractor  
  105  9:13  Roach x4  
  111  9:18  Roach  
  111  9:20  Overlord x2  
  113  9:28  Pathogen Glands  
  113  9:33  Roach x4  
  113  9:34  Roach  
  123  9:46  Roach x2  
  123  9:47  Roach x4  
  132  9:57  Infestor  
  132  9:59  Infestor  
  136  10:00  Overlord  
  136  10:08  Overlord  
  136  10:10  Roach x2  
  136  10:13  Infestor  
  142  10:17  Overlord x2  
  142  10:22  Infestor  
  142  10:27  Roach x3  
  142  10:28  Roach x2  
  154  10:29  Roach  
  156  10:36  Hatchery, Roach x4  
  163  10:45  Roach x4  
  165  10:52  Roach x4  
  165  10:53  Roach  
  165  10:55  Roach  
  174  10:57  Roach x2  
  174  11:02  Overlord  
  177  11:06  Overlord x2  
  177  11:07  Ravager  
  177  11:08  Ravager  
  177  11:09  Overlord x2  
  178  11:22  Roach x4  
  178  11:25  Roach x4  
  194  11:29  Roach  
  194  11:32  Roach  
  193  11:37  Roach  
  193  11:39  Roach  
  194  11:42  Roach  
  194  11:43  Roach  
  193  11:48  Roach  
  193  11:51  Roach  
  157  11:55  Roach  
  157  11:58  Roach  
  123  12:02  Roach  
  123  12:05  Roach  
  114  12:10  Roach x3  
  114  12:13  Roach  
  114  12:15  Roach  
  106  12:18  Roach  
  106  12:19  Roach  
  106  12:22  Roach  
  104  12:23  Roach  
  104  12:27  Roach  
  100  12:30  Drone x2  
  100  12:33  Drone x2  
  100  12:34  Drone  
  95  12:41  Roach  
  95  12:42  Roach  
  99  12:45  Roach  
  91  12:51  Queen  
Tags
 
Add a new tag
Caveats
  • Supply blocks, unpowered buildings, or Contaminate may cause inaccurate times.
  • Supply counts are checked every 10 seconds.